 Dungeon Crawl Stone Soup version 0.19.1 (webtiles) character file.

250761 Kit the Peltast (level 18, -3/171 HPs)
             Began as a Minotaur Fighter on Dec 9, 2016.
             Was the Champion of Okawaru.
             Hit by a poisoned javelin thrown by a merfolk javelineer (27 damage)
             ... on level 4 of the Shoals.
             The game lasted 02:49:47 (45700 turns).

Kit the Peltast (Minotaur Fighter)                 Turns: 45700, Time: 02:49:48

Health: -3/171     AC: 29    Str: 27    XL:     18   Next: 92%
Magic:  21/21      EV: 23    Int:  7    God:    Okawaru [******]
Gold:   2032       SH: 17    Dex: 16    Spells: 2 memorised, 13 levels left

rFire  + . .     SeeInvis .     M - +9 broad axe (elec)
rCold  + . .     Gourm    +     i - +0 plate armour of the Boiling Point {rElec Dex+4} (curse)
rNeg   . . .     Faith    .     j - +0 shield of Shielding {rCorr}
rPois  +         Spirit   .     D - +1 hat
rElec  +         Reflect  .     G - +0 cloak {rPois}
rCorr  +         Harm     .     B - +2 pair of gloves {archery}
MR     +....                    (no boots)
Stlth  ..........               x - amulet "Riotz" {Gourm rPois rF+ rC+ Int+2}
                                c - +5 ring of evasion
                                s - +5 ring of protection

@: very slightly contaminated
A: retaliatory headbutt, horns 2, mutation resistance 1
a: Heroism, Finesse, Renounce Religion
}: 2/15 runes: serpentine, barnacled


You were on level 4 of the Shoals.
You worshipped Okawaru.
Okawaru was exalted by your worship.
You were completely stuffed.

You visited 6 branches of the dungeon, and saw 32 of its levels.
You also visited: Labyrinth, Bailey and Ice Cave.

You collected 3631 gold pieces.
You spent 1599 gold pieces at shops.

Inventory:

Hand Weapons
 M - a +9 broad axe of electrocution (weapon)
 P - the +9 lance "Wyrmbane" {slay drac, rPois rF+ rC+ AC+3}
   (You found it in an ice cave)

   It affects your AC (+3).
   It protects you from fire.
   It protects you from cold.
   It protects you from poison.
Missiles
 U - 7 javelins of returning (quivered)
Armour
 i - the cursed +0 plate armour of the Boiling Point (worn) {rElec Dex+4}
   (You found it on level 4 of the Shoals)

   It affects your dexterity (+4).
   It insulates you from electricity.
   It has a curse placed upon it.
 j - the +0 shield of Shielding (worn) {rCorr}
   (Okawaru gifted it to you on level 2 of the Orcish Mines)

   It protects you from acid and corrosion.
 B - a +2 pair of gloves of archery (worn)
 D - a +1 hat (worn)
 G - a +0 cloak of poison resistance (worn)
 X - a +4 plate armour of fire resistance
Jewellery
 a - an uncursed ring of flight
 c - a +5 ring of evasion (right hand)
 n - an uncursed amulet of rage
 p - an uncursed amulet of faith
 s - a +5 ring of protection (left hand)
 x - the amulet "Riotz" (around neck) {Gourm rPois rF+ rC+ Int+2}
   (You acquired it on level 3 of the Snake Pit)

   [amulet of the gourmand]

   It allows you to eat raw meat even when not hungry.
   It affects your intelligence (+2).
   It protects you from fire.
   It protects you from cold.
   It protects you from poison.
Wands
 d - a wand of digging (14/24)
 Q - a wand of teleportation (3/9)
Scrolls
 b - 2 scrolls of summoning
 e - 3 scrolls of amnesia
 h - 2 scrolls of blinking
 k - 6 scrolls of enchant armour
 o - a scroll of holy word {unknown}
 v - 4 scrolls of fear
 y - a scroll of fog
 z - 3 scrolls of magic mapping
 C - 3 scrolls of remove curse
 E - 4 scrolls of enchant weapon
 H - 7 scrolls of recharging
 J - 5 scrolls of immolation
 L - 2 scrolls of silence
 O - a scroll of vulnerability {unknown}
 Z - 8 scrolls of teleportation
Potions
 l - 2 potions of agility
 m - 4 potions of cancellation
 q - 4 potions of flight
 t - a potion of cure mutation
 u - 9 potions of brilliance
 w - 2 potions of resistance
 A - 4 potions of invisibility
 F - 5 potions of haste
 I - 3 potions of magic
 N - a potion of lignification
 S - a potion of berserk rage
 W - 10 potions of curing
 Y - 2 potions of might
Comestibles
 f - 13 bread rations
 g - 4 fruits
 r - 6 beef jerkies
 K - 17 chunks of flesh
 T - 13 meat rations
 V - 4 royal jellies


   Skills:
 + Level 17.9 Fighting
 + Level 15.4(16.5) Axes
   Level 10.7(14.2) Maces & Flails
 - Level 1.0(10.4) Polearms
 + Level 17.9 Armour
 + Level 15.9 Dodging
 + Level 20.3 Shields
 - Level 6.3 Evocations


You had 13 spell levels left.
You knew the following spells:

 Your Spells              Type           Power        Failure   Level  Hunger
a - Repel Missiles        Chrm/Air       #.....       100%        2    ###....
b - Swiftness             Chrm/Air       #.......     100%        2    ###....


Dungeon Overview and Level Annotations

Branches:
Dungeon (15/15)            Temple (1/1) D:7            Lair (6/6) D:10
 Shoals (4/4) Lair:4        Snake (4/4) Lair:3        Slime (0/5) Lair:6
    Orc (2/2) D:9             Elf (0/3) Orc:2        Vaults (0/5) D:13
 Depths (0/5) D:15

Altars:
Ashenzari
Cheibriados
Dithmenos
Elyvilon
Fedhas
Gozag
Hepliaklqana
Kikubaaqudgha
Makhleb
Nemelex Xobeh
Okawaru
Qazlal
Ru
Sif Muna
Trog
Uskayaw
Vehumet
Xom
Yredelemnul
Zin
The Shining One

Shops:
D:8 *[   Orc:2 %}?(   Snake:1 ?

Portals:
Pandemonium: Orc:2

Annotations:
Shoals:4 Ilsuiw


Innate Abilities, Weirdness & Mutations

You reflexively headbutt those who attack you in melee.
You have a pair of horns on your head.
You are somewhat resistant to further mutation.


Message History

Some of the chunks of flesh in your inventory have rotted away.
The merfolk javelineer throws a poisoned javelin.
The poisoned javelin hits you.
* * * LOW HITPOINT WARNING * * *
You hear a splash.
You see here 2 poisoned javelins.
You hear a splash.
As you read the scroll of fear, it crumbles to dust.
You assume a fearsome visage.
The merfolk javelineer resists with some effort.
The merfolk javelineer hits you from afar with a spear of piercing.
* * * LOW HITPOINT WARNING * * *
x2 Blink to where?
Press: ? - help, Dir - move target cursor Splash!
You are very lightly contaminated with residual magic.
As you read the scroll of blinking, it crumbles to dust.
The merfolk javelineer throws a poisoned javelin.
The poisoned javelin hits you!!
You die...

#######################
≈≈≈≈≈≈≈≈≈≈≈≈≈≈≈≈≈≈≈≈≈≈≈≈
≈≈≈≈≈≈≈≈≈≈≈≈≈≈≈≈≈≈≈≈≈≈≈≈
≈≈≈≈≈≈≈≈≈≈≈≈≈≈≈≈≈≈≈≈≈≈≈≈
≈≈≈≈≈≈≈≈≈≈≈≈≈≈≈≈≈≈≈≈≈≈≈≈
≈≈≈≈≈≈≈≈≈≈≈≈≈≈≈≈≈≈≈≈≈≈≈≈
≈≈≈≈≈≈≈≈m≈≈m≈≈≈≈≈≈≈≈≈≈≈≈≈
≈≈≈≈≈≈≈(#≈##≈#≈≈P≈≈P≈≈≈≈≈≈≈≈≈≈
≈≈≈≈≈≈≈m### ##≈@≈≈≈≈P≈≈≈≈≈≈≈≈≈
≈≈≈≈≈≈##(≈# ###≈≈≈≈P≈P≈≈P≈≈≈≈
≈≈≈≈≈≈≈#m≈≈≈≈≈≈##≈≈P≈≈PPP≈≈P≈P≈
P≈≈≈≈≈###≈#≈#≈≈##≈≈≈≈≈PPPPP≈≈≈≈
≈≈P≈≈≈# ≈≈ ≈≈ ##≈≈≈P≈≈≈P≈≈≈≈≈#
≈≈≈≈≈≈# ≈#≈ m##≈≈≈≈≈≈P≈.P.≈≈≈#
((≈≈≈≈# ≈≈≈≈ ≈##≈≈≈PP≈P....#
#.....###≈≈ #≈###≈≈≈≈≈P≈....##
#.((....#######............≈≈#


You could see a merfolk javelineer.

Vanquished Creatures
  Vashnia (Snake:3)
  Rupert (Lair:4)
  Polyphemus (Shoals:2)
  8 nagarajas
  Roxanne (Snake:3)
  Aizul (Snake:2)
  A stone giant (Shoals:3)
  The ghost of Philosophy the Warrior, a journeyman FoFi of Okawaru (D:12)
  Snorg (Orc:2)
  A minotaur (Lab)
  8 merfolk impalers
  An ettin (Orc:2)
  2 fire dragons
  6 merfolk javelineers
  The ghost of Quirk the Cleaver, a journeyman MiFi of Okawaru (Lair:2)
  A yaktaur captain (D:15)
  8 naga warriors
  An ice dragon (Lair:6)
  4 centaur warriors
  3 catoblepae
  8 hydras
  Erica (D:9)
  4 merfolk avatars
  A merfolk aquamancer (Shoals:4)
  15 anacondas
  10 death yaks
  3 alligator snapping turtles (Shoals:4)
  2 ogre magi
  2 tengu warriors (D:15)
  Urug (Lair:2)
  2 satyrs (Shoals:4)
  6 orc high priests (Orc:2)
  9 shock serpents
  20 naga sharpshooters
  2 sixfirhies (Orc:2)
  3 skeletal warriors (D:13)
  14 sea snakes
  6 salamander mystics
  A gelid demonspawn (Orc:1)
  An infernal demonspawn (Orc:1)
  2 unseen horrors
  A deep troll (D:13)
  A kraken simulacrum (Shoals:4)
  A torturous demonspawn (Orc:2)
  4 hill giants
  A phantasmal warrior (D:13)
  2 naga ritualists (Snake:4)
  3 deep elf magi
  6 lindwurms
  5 orc knights
  17 harpies
  14 mana vipers
  5 orc sorcerers (Orc:2)
  7 salamanders
  A necromancer (IceCv)
  7 fauns
  12 ugly things
  6 cyclopes
  18 naga magi
  11 manticores
  9 sirens
  A rust devil (Orc:2)
  7 guardian serpents
  An ice statue (IceCv)
  8 water nymphs
  5 elephants (Lair:6)
  31 black mambas
  A gargoyle (D:10)
  7 torpor snails
  12 spiny frogs
  A smoke demon (Orc:2)
  A yaktaur (D:15)
  7 komodo dragons
  10 freezing wraiths (IceCv)
  A hellwing (Orc:2)
  5 rime drakes
  2 ice devils (D:11)
  4 trolls
  33 merfolk
  2 polar bears
  A wolf spider simulacrum (IceCv)
  Grinder (D:4)
  3 tyrant leeches (Lair:6)
  4 two-headed ogres
  6 hornets (Lair:6)
  5 wind drakes
  16 dream sheep
  16 hippogriffs
  11 blink frogs
  A meliai zombie (D:14)
  4 snapping turtles
  2 wraiths
  Sigmund (D:5)
  5 water elementals
  66 yaks
  A vampire (D:14)
  Grum (D:8)
  A steam dragon (Lair:6)
  A hog (shapeshifter) (D:13)
  5 wyverns
  4 vampire mosquitoes (D:14)
  4 hungry ghosts
  A basilisk (shapeshifter) (D:14)
  9 basilisks
  3 death yak simulacra (IceCv)
  3 mottled dragons
  3 wargs
  Menkaure (D:5)
  A chaos spawn (Orc:2)
  A soldier ant (D:11)
  37 nagas
  19 water moccasins
  6 porcupines
  46 orc warriors
  Duvessa (D:4)
  5 sky beasts
  12 ice beasts
  3 swamp drakes
  7 phantoms
  2 eyes of draining
  8 wolves
  4 boggarts (Lair:4)
  18 centaurs
  13 ogres
  9 crocodiles
  18 bullfrogs
  3 big kobolds
  Blork the orc (D:6)
  A water moccasin zombie (D:11)
  A wyvern skeleton (D:8)
  Dowan (D:4)
  2 scorpions
  9 killer bees
  2 electric eels (Lair:2)
  A howler monkey (D:4)
  A vampire bat (Orc:2)
  10 wights
  A centaur zombie (D:9)
  7 crimson imps
  10 hounds
  A quasit (D:11)
  2 draconian simulacra (IceCv)
  4 jellies
  32 orc priests
  4 centaur skeletons
  22 orc wizards
  A bullfrog skeleton (D:9)
  5 worker ants
  6 iguanas
  10 troll simulacra (IceCv)
  2 spriggan simulacra (IceCv)
  2 centaur simulacra (IceCv)
  A hound zombie (D:9)
  A hound skeleton (D:6)
  2 howler monkey zombies
  A worker ant zombie (D:7)
  10 gnolls
  2 naga simulacra (IceCv)
  2 ogre simulacra (IceCv)
  29 adders
  4 shadow imps
  12 white imps (IceCv)
  2 oozes (Lair:6)
  5 worms
  5 dart slugs
  6 leopard geckos
  112 orcs
  18 bats
  2 giant cockroaches
  7 goblins
  6 hobgoblins
  6 jackals
  2 quokkas
  2 ball pythons
  7 frilled lizards
  A giant cockroach zombie (D:5)
  11 kobolds
  A quokka skeleton (D:7)
  A quokka zombie (D:10)
  6 rats
  A butterfly (Lair:6)
  A fungus (Lair:6)
  6 plants
  A tentacle (Shoals:4)
1238 creatures vanquished.

Vanquished Creatures (others)
  A naga warrior (Snake:3)
  A merfolk aquamancer (Shoals:4)
  A black mamba (Snake:4)
  A water elemental (Shoals:4)
  A yak (Lair:6)
  2 orcs
  A bush (Shoals:3)
  3 butterflies (Lair:6)
  13 fungi
  26 plants
  7 tentacles (Shoals:4)
57 creatures vanquished.

Grand Total: 1295 creatures vanquished

Notes
Turn   | Place    | Note
-------+----------+-------------------------------------------
     0 | D:1      | Kit the Minotaur Fighter began the quest for the Orb.
     0 | D:1      | Reached XP level 1. HP: 19/19 MP: 0/0
    39 | D:1      | Reached XP level 2. HP: 22/27 MP: 1/1
   573 | D:1      | Reached XP level 3. HP: 32/33 MP: 2/2
  1251 | D:3      | Reached skill level 4 in Shields
  1279 | D:3      | Found a hide-covered altar of Uskayaw.
  1281 | D:3      | Reached XP level 4. HP: 38/40 MP: 3/3
  1282 | D:3      | Reached skill level 1 in Dodging
  1283 | D:3      | Noticed a hand axe
  1284 | D:3      | Noticed a dagger
  1809 | D:3      | Found a hazy altar of Hepliaklqana.
  2287 | D:4      | Gained mutation: You are somewhat resistant to further mutation. [potion of mutation]
  2289 | D:4      | Reached XP level 5. HP: 9/47 MP: 4/4
  2720 | D:4      | Found a basalt altar of Yredelemnul.
  2720 | D:4      | Noticed Duvessa
  2721 | D:4      | Noticed Dowan
  2733 | D:4      | Killed Duvessa
  2733 | D:4      | Reached skill level 5 in Fighting
  2733 | D:4      | Reached skill level 5 in Armour
  2733 | D:4      | Reached XP level 6. HP: 42/56 MP: 5/5
  2743 | D:4      | Killed Dowan
  2865 | D:4      | Found a glowing golden altar of the Shining One.
  2867 | D:4      | Noticed an angel
  3014 | D:4      | Reached skill level 5 in Axes
  3014 | D:4      | Reached skill level 5 in Shields
  3308 | D:4      | Reached XP level 7. HP: 43/61 MP: 6/6
  3348 | D:5      | Entered Level 5 of the Dungeon
  3548 | D:5      | Noticed Menkaure
  3847 | D:5      | Noticed Grinder
  3858 | D:5      | Noticed Sigmund
  3859 | D:5      | Paralysed by Grinder for 4 turns
  4214 | D:4      | Killed Grinder
  4389 | D:5      | Killed Sigmund
  4389 | D:5      | Reached XP level 8. HP: 64/70 MP: 7/7
  4411 | D:5      | Reached skill level 6 in Shields
  4551 | D:5      | Killed Menkaure
  4752 | D:5      | Found a blossoming altar of Fedhas.
  4819 | D:5      | Found a bloodstained altar of Trog.
  4819 | D:5      | Found a faded altar of an unknown god.
  4824 | D:5      | Found a stormy altar of Qazlal.
  4826 | D:5      | Found a snail-covered altar of Cheibriados.
  4827 | D:5      | Found a shattered altar of Ashenzari.
  5350 | D:6      | Found a shadowy altar of Dithmenos.
  5397 | D:6      | Noticed Blork the orc
  6112 | D:7      | Reached skill level 5 in Dodging
  6112 | D:7      | Reached skill level 7 in Shields
  6122 | D:7      | Reached XP level 9. HP: 65/79 MP: 8/8
  6450 | D:7      | Found an opulent altar of Gozag.
  6641 | D:7      | Got a bloodstained leather armour
  6652 | D:7      | Identified the cursed +0 leather armour "Gecud" {Str+5 Slay-5} (You found it on level 7 of the Dungeon)
  6811 | D:7      | Found a staircase to the Ecumenical Temple.
  6988 | D:6      | Killed Blork the orc
  6993 | D:6      | Found a deep blue altar of Sif Muna.
  7063 | Temple   | Entered the Ecumenical Temple
  7247 | Temple   | Became a worshipper of Warmaster Okawaru
  7646 | D:7      | Reached skill level 1 in Evocations
  7691 | D:8      | Noticed Grum
  7697 | D:7      | Reached skill level 8 in Shields
  7957 | D:8      | Killed Grum
  7957 | D:8      | Reached * piety under Okawaru
  8253 | D:8      | Found Daufun's Assorted Antiques.
  8285 | D:8      | Found Zastrai's Weapon Shop.
  8314 | D:8      | Reached XP level 10. HP: 71/90 MP: 9/9
  8406 | D:8      | Found Rycasos's Antique Armour Emporium.
  8780 | D:8      | Reached ** piety under Okawaru
  8798 | D:9      | Reached skill level 1 in Maces & Flails
  8998 | D:9      | Found a white marble altar of Elyvilon.
  9977 | D:9      | Reached skill level 9 in Shields
 10151 | D:9      | Reached *** piety under Okawaru
 10283 | D:9      | Found a staircase to the Orcish Mines.
 10493 | D:9      | Noticed a five-headed hydra
 10575 | D:9      | Killed a five-headed hydra
 10603 | D:9      | Reached **** piety under Okawaru
 10607 | D:9      | Noticed a centaur warrior
 10607 | D:9      | Noticed an ogre mage
 10610 | D:9      | Noticed a centaur warrior
 10855 | D:9      | Killed an ogre mage
 10918 | D:9      | Killed a centaur warrior
 10918 | D:9      | Reached skill level 10 in Fighting
 10918 | D:9      | Reached XP level 11. HP: 47/99 MP: 7/10
 10924 | D:9      | Killed a centaur warrior
 10924 | D:9      | Reached ***** piety under Okawaru
 11257 | D:10     | Entered Level 10 of the Dungeon
 11261 | D:10     | Got an ancient scale mail
 11317 | D:10     | Found a flagged portal.
 11366 | Bailey   | Entered a bailey
 11518 | Bailey   | Identified the +5 scale mail of Slovenliness {*Corrode *Slow MR+++ Slay+4} (You found it on level 10 of the Dungeon)
 11716 | Bailey   | Reached skill level 10 in Shields
 11940 | Bailey   | Reached skill level 10 in Armour
 12665 | Bailey   | Got a dazzling executioner's axe
 12800 | Bailey   | Identified the +6 executioner's axe "Appus" {chaos, rPois Str+5} (You found it in a bailey)
 12908 | D:10     | Found a staircase to the Lair.
 13394 | Lair:1   | Entered Level 1 of the Lair of Beasts
 13586 | Lair:1   | Received a gift from Okawaru
 13586 | Lair:1   | Reached skill level 5 in Maces & Flails
 13587 | Lair:1   | Got a jewelled ring mail {god gift}
 13598 | Lair:1   | Identified the +1 ring mail "Essej" {*Corrode rPois rF++ Stlth+} (Okawaru gifted it to you on level 1 of the Lair of Beasts)
 13785 | Lair:1   | Reached skill level 11 in Shields
 13938 | Lair:1   | Noticed a seven-headed hydra
 13951 | Lair:1   | Killed a seven-headed hydra
 14270 | Lair:1   | Noticed a seven-headed hydra
 14284 | Lair:1   | Killed a seven-headed hydra
 14284 | Lair:1   | Reached ****** piety under Okawaru
 14473 | Lair:2   | Noticed Quirk's ghost (journeyman MiFi)
 14475 | Lair:2   | Noticed an eight-headed hydra
 14713 | Lair:2   | Noticed Urug
 14735 | Lair:2   | Killed Urug
 14735 | Lair:2   | Reached XP level 12. HP: 81/110 MP: 8/11
 14930 | Lair:2   | Reached skill level 12 in Shields
 15250 | Lair:2   | Killed an eight-headed hydra
 15478 | Lair:2   | Killed Quirk's ghost
 15478 | Lair:2   | Received a gift from Okawaru
 16452 | Lair:3   | Found a labyrinth entrance.
 16452 | Lair:3   | Noticed a five-headed hydra
 16465 | Lair:3   | Killed a five-headed hydra
 16465 | Lair:3   | Reached skill level 10 in Dodging
 16492 | Lab      | Entered a labyrinth
 16864 | Lab      | Noticed a minotaur
 16883 | Lab      | Killed a minotaur
 16883 | Lab      | Received a gift from Okawaru
 16911 | Lab      | Got a brightly glowing bronze ring
 16917 | Lab      | Identified the cursed ring of Gearph {rPois Str-4 Int+2 Dex-2} (You found it in a labyrinth)
 17008 | Lair:3   | Reached skill level 13 in Shields
 17062 | Lair:3   | Found a staircase to the Snake Pit.
 17733 | Lair:4   | Noticed a six-headed hydra
 17746 | Lair:4   | Killed a six-headed hydra
 18161 | Lair:4   | Reached XP level 13. HP: 115/119 MP: 12/12
 18270 | Lair:4   | Received a gift from Okawaru
 18498 | Lair:4   | Noticed Rupert
 18524 | Lair:4   | Killed Rupert
 18524 | Lair:4   | Reached skill level 14 in Shields
 18554 | Lair:4   | Received a gift from Okawaru
 19439 | Lair:4   | Found a staircase to the Shoals.
 20356 | Lair:6   | Entered Level 6 of the Lair of Beasts
 21014 | Lair:6   | Received a gift from Okawaru
 21167 | Lair:6   | Received a gift from Okawaru
 21167 | Lair:6   | Reached skill level 15 in Shields
 21439 | Lair:5   | Reached skill level 10 in Maces & Flails
 21490 | Lair:6   | Found a staircase to the Slime Pits.
 21643 | Lair:6   | Found a runed door.
 21649 | Lair:6   | Reached XP level 14. HP: 114/129 MP: 15/15
 22713 | Lair:6   | Received a gift from Okawaru
 22860 | Lair:6   | Reached skill level 16 in Shields
 23030 | Lair:6   | Learned a level 2 spell: Repel Missiles
 23222 | Orc:1    | Entered Level 1 of the Orcish Mines
 23222 | Orc:1    | Noticed Erica
 23249 | D:9      | Killed Erica
 23821 | Orc:2    | Entered Level 2 of the Orcish Mines
 24034 | Orc:2    | Found Labu's Magic Scroll Shoppe.
 24339 | Orc:2    | Found Qedoimm's Food Emporium.
 24360 | Orc:2    | Reached skill level 5 in Evocations
 24601 | Orc:2    | Bought a scroll of identify for 26 gold pieces
 24601 | Orc:2    | Bought a scroll of identify for 26 gold pieces
 24601 | Orc:2    | Bought a scroll of identify for 26 gold pieces
 24601 | Orc:2    | Bought a scroll of identify for 26 gold pieces
 24601 | Orc:2    | Bought a scroll of identify for 26 gold pieces
 24664 | Orc:2    | Received a gift from Okawaru
 24665 | Orc:2    | Got a translucent shield {god gift}
 24676 | Orc:2    | Identified the +0 shield of Shielding {rCorr} (Okawaru gifted it to you on level 2 of the Orcish Mines)
 25141 | Orc:2    | Reached skill level 10 in Axes
 25775 | Orc:2    | Found Ruuryibb's Antique Weapon Boutique.
 25775 | Orc:2    | Found Tievviam's Gadget Shop.
 25775 | Orc:2    | Found a one-way gate leading to the halls of Pandemonium.
 25793 | Orc:2    | Reached XP level 15. HP: 89/138 MP: 18/18
 26259 | Orc:2    | Bought a scroll of blinking for 97 gold pieces
 26259 | Orc:2    | Bought a scroll of enchant weapon for 97 gold pieces
 26332 | Orc:2    | Found a staircase to the Elven Halls.
 26493 | Orc:2    | Noticed Snorg
 26502 | Orc:2    | Killed Snorg
 26620 | D:8      | Bought faintly humming mottled dragon scales for 945 gold pieces
 26620 | D:8      | Bought a runed hat for 210 gold pieces
 26637 | D:8      | Identified the cursed +1 mottled dragon scales "Hurghuo" {+Blink Str+2} (You bought it in a shop on level 8 of the Dungeon)
 26776 | Snake:1  | Entered Level 1 of the Snake Pit
 26835 | Snake:1  | HP: 8/208 [something (15)]
 27103 | Snake:1  | Received a gift from Okawaru
 27112 | Snake:1  | Got a pair of crude boots {god gift}
 27120 | Snake:1  | Identified the -4 pair of boots of Okawaru's Castigation {Int+3 Dex+3} (Okawaru gifted it to you on level 1 of the Snake Pit)
 27319 | Snake:1  | Reached skill level 17 in Shields
 27387 | Snake:1  | Found Peypt's Magic Scroll Shoppe.
 28170 | Snake:1  | Bought a scroll of identify for 30 gold pieces
 28170 | Snake:1  | Bought a scroll of identify for 30 gold pieces
 28170 | Snake:1  | Bought a scroll of identify for 30 gold pieces
 28170 | Snake:1  | Bought a scroll of identify for 30 gold pieces
 28534 | Snake:2  | Noticed Aizul
 28546 | Snake:2  | Killed Aizul
 29795 | Snake:3  | Identified a scroll of acquirement
 29839 | Snake:3  | Got a wavering silver amulet
 29842 | Snake:3  | Identified the amulet "Riotz" {Gourm rPois rF+ rC+ Int+2} (You acquired it on level 3 of the Snake Pit)
 30078 | Snake:3  | Noticed Roxanne
 30514 | Snake:3  | Killed Roxanne
 30515 | Snake:3  | Identified Roxanne's Almanac of Clay (You took it off Roxanne on level 3 of the Snake Pit)
 30830 | Snake:3  | Noticed a nagaraja
 31055 | Snake:3  | Killed a nagaraja
 31055 | Snake:3  | Reached skill level 15 in Fighting
 31250 | Snake:3  | Noticed a nagaraja
 31414 | Snake:4  | Entered Level 4 of the Snake Pit
 31449 | Snake:4  | Received a gift from Okawaru
 31451 | Snake:4  | Reached skill level 15 in Armour
 31558 | Snake:4  | Reached skill level 18 in Shields
 31570 | Snake:4  | Noticed Vashnia
 32429 | Snake:3  | Killed a nagaraja
 32481 | Snake:3  | Killed Vashnia
 32481 | Snake:3  | Reached XP level 16. HP: 149/149 MP: 19/19
 32932 | Snake:4  | Received a gift from Okawaru
 34514 | Snake:4  | Received a gift from Okawaru
 34944 | Snake:4  | Got a faintly glowing large shield {god gift}
 35577 | Snake:4  | Identified the +7 large shield of Regah {+Inv Int+2 Dex-3} (Okawaru gifted it to you on level 4 of the Snake Pit)
 35601 | Snake:4  | Reached XP level 17. HP: 158/158 MP: 16/20
 35878 | Snake:4  | Got a serpentine rune of Zot
 36246 | D:11     | Found a frozen archway.
 36262 | IceCv    | Entered an ice cave
 36397 | IceCv    | Found an ancient bone altar of Kikubaaqudgha.
 36546 | IceCv    | Reached skill level 19 in Shields
 37194 | D:11     | Reached skill level 1 in Polearms
 37541 | D:12     | Noticed Philosophy's ghost (journeyman FoFi)
 37551 | D:12     | Killed Philosophy's ghost
 37702 | D:12     | Got an ebony mace
 37704 | D:12     | Identified the cursed +0 mace of the Grave {freeze, rF+} (You found it on level 12 of the Dungeon)
 37935 | D:12     | Received a gift from Okawaru
 38278 | D:13     | Found a gate to the Vaults.
 39358 | D:15     | Entered Level 15 of the Dungeon
 39422 | D:15     | Learned a level 2 spell: Swiftness
 39604 | D:15     | Found a staircase to the Depths.
 39609 | D:15     | Reached skill level 15 in Dodging
 39670 | D:15     | Received a gift from Okawaru
 39680 | D:15     | Got a dazzling battleaxe {god gift}
 39923 | D:15     | Identified the +3 battleaxe of Departure {freeze, rC+} (Okawaru gifted it to you on level 15 of the Dungeon)
 40143 | Shoals:1 | Entered Level 1 of the Shoals
 40678 | Shoals:1 | Reached XP level 18. HP: 81/169 MP: 21/21
 40690 | Shoals:1 | Received a gift from Okawaru
 41343 | Shoals:2 | Noticed Polyphemus
 41372 | Shoals:2 | Killed Polyphemus
 42264 | Shoals:3 | Received a gift from Okawaru
 42547 | Shoals:3 | Got a wavering granite ring
 42555 | Shoals:3 | Identified the ring of Ykheech {Wiz +Inv rC+ Str-3 Int+4} (You took it off a siren on level 3 of the Shoals)
 43004 | Shoals:4 | Entered Level 4 of the Shoals
 43038 | Shoals:4 | Got a heavily runed plate armour
 43051 | Shoals:4 | Identified the cursed +0 plate armour of the Boiling Point {rElec Dex+4} (You found it on level 4 of the Shoals)
 43114 | Shoals:4 | Reached skill level 20 in Shields
 43164 | Shoals:3 | Reached skill level 15 in Axes
 44139 | Shoals:4 | Got a barnacled rune of Zot
 44248 | Shoals:4 | Noticed Ilsuiw
 44749 | Shoals:4 | Received a gift from Okawaru
 45700 | Shoals:4 | Hit by a poisoned javelin thrown by a merfolk javelineer

Skill      XL: |  1  2  3  4  5  6  7  8  9 10 11 12 13 14 15 16 17 18 |
---------------+-------------------------------------------------------+-----
Fighting       | 4 5 6 7 8 10 11 12 13 14 15 16 17 | 17.9
Axes           | 3 4 5 6 7 8 9 10 11 13 14 15 | 15.4
Armour         | 4 5 6 7 8 9 10 12 13 15 16 17 | 17.9
Shields        | 4 5 7 8 9 11 13 15 16 18 19 20 | 20.3
Dodging        | 1 2 3 5 6 8 9 10 11 12 13 14 15 | 15.9
Evocations     | 1 3 5 6 |  6.3
Maces & Flails | 4 6 8 10 | 10.7
Polearms       | 1 |  1.0

Action                   |  1- 3 |  4- 6 |  7- 9 | 10-12 | 13-15 | 16-18 || total
-------------------------+-------+-------+-------+-------+-------+-------++-------
Melee: War axe           |   103 |   103 |   348 |    94 |       |       ||   648
       Headbutt          |     9 |    18 |    60 |   215 |   292 |   315 ||   909
       Flail             |       |       |       |   807 |   453 |       ||  1260
       Executioner's axe |       |       |       |    22 |       |       ||    22
       Halberd           |       |       |       |    16 |       |       ||    16
       Broad axe         |       |       |       |       |   870 |  1464 ||  2334
       Lance             |       |       |       |       |       |   142 ||   142
Throw: Javelin           |       |       |       |    22 |       |    22 ||    44
Invok: Heroism           |       |       |       |    10 |     2 |     1 ||    13
       Finesse           |       |       |       |     1 |     3 |     3 ||     7
 Abil: Evoke Berserk Rag |       |       |     3 |       |    19 |     5 ||    27
       Evoke Blink       |       |       |       |       |     2 |       ||     2
Evoke: Wand              |       |     1 |       |     7 |       |     1 ||     9
  Use: Potion            |       |     4 |     2 |     3 |     1 |     1 ||    11
       Scroll            |       |       |     9 |    10 |    35 |    17 ||    71
 Stab: Confused          |       |       |       |     1 |       |       ||     1
  Eat: Chunk             |     1 |     7 |    17 |    24 |    40 |    71 ||   160
       Fruit             |       |       |     3 |    13 |    30 |     5 ||    51
       Beef jerky        |       |       |       |       |       |     3 ||     3
       Royal jelly       |       |       |       |       |       |     2 ||     2
       Pizza             |       |       |       |       |       |     2 ||     2
Armor: Scale mail        |    48 |    41 |   145 |    95 |       |       ||   329
       Plate armour      |       |       |       |   326 |   477 |   498 ||  1301
       Ice dragon scales |       |       |       |       |       |    14 ||    14
Dodge: Dodged            |    56 |    24 |   159 |   409 |   423 |   919 ||  1990
Block: Shield            |    65 |    49 |   231 |   622 |   943 |  1288 ||  3198
